 Dungeon Crawl Stone Soup version 0.23-a0-650-ga4d50d4 (console) character file.

109 Lightli the Skirmisher (level 4, 0/40 HPs)
             Began as a Minotaur Warper on Jan 7, 2019.
             Succumbed to an adder's poison
             ... on level 4 of the Dungeon.
             The game lasted 00:03:21 (1896 turns).

Lightli the Skirmisher (Minotaur Warper)            Turns: 1896, Time: 00:03:22

Health: 0/40       AC: 12    Str: 17    XL:     4   Next: 60%
Magic:  5/5        EV:  7    Int: 10    God:
Gold:   30         SH:  0    Dex:  9    Spells: 3/5 levels left

rFire    . . .     SeeInvis .   a - +0 hand axe
rCold    . . .     Gourm    .   (no shield)
rNeg     . . .     Faith    .   n - +3 chain mail
rPois    .         Spirit   .   (helmet restricted)
rElec    .         Reflect  .   (no cloak)
rCorr    .         Harm     .   (no gloves)
MR       .....                  (no boots)
Stlth    ..........             (no amulet)
HPRegen  0.13/turn              (no ring)
MPRegen  0.09/turn              (no ring)

@: lethally poisoned (0 -> -6), flying
A: retaliatory headbutt, horns 2
a: no special abilities


You were on level 4 of the Dungeon.
You were not hungry.

You visited 1 branch of the dungeon, and saw 3 of its levels.

You collected 30 gold pieces.

Inventory:

Hand Weapons
 a - a +0 hand axe (weapon)
Missiles
 e - 5 tomahawks of dispersal (quivered)
Armour
 b - a +0 leather armour
 n - a +3 chain mail (worn)
Wands
 g - a wand of flame (14)
Scrolls
 c - a scroll of teleportation {unknown}
 d - a scroll of blinking
 h - a scroll of remove curse {unknown}
 i - a scroll of fear {unknown}
 j - a scroll of immolation {unknown}
 k - a scroll of random uselessness {unknown}
 o - a scroll of identify {unknown}
Comestibles
 f - 4 rations
 m - 2 chunks of flesh


   Skills:
 + Level 3.9 Fighting
 + Level 3.9 Axes
 - Level 1.0 Throwing
 + Level 3.3 Armour
 - Level 2.1 Dodging
 - Level 1.3 Spellcasting
 - Level 2.1 Translocations


You had 3 spell levels left.
You knew the following spells:

 Your Spells              Type           Power        Failure   Level  Hunger
a - Blink                 Tloc           N/A          97%         2    ###....

Your spell library contained the following spells:

 Spells                   Type           Power        Failure   Level  Hunger
 Shroud of Golubria       Chrm/Tloc      #.........   99%         2    ###....
 Gell's Gravitas          Tloc           #.........   99%         3    ####...
 Lesser Beckoning         Tloc           #.........   99%         3    ####...
 Teleport Other           Tloc           #.......     99%         3    ####...
 Passage of Golubria      Tloc           N/A          100%        4    #####..


Dungeon Overview and Level Annotations

Branches:
Dungeon (2/15)

Altars:
Kikubaaqudgha

Annotations:
D:2 Sigmund


Innate Abilities, Weirdness & Mutations

You reflexively headbutt those who attack you in melee.
You have a pair of horns on your head.


Message History

The worker ant barely misses you. You furiously retaliate!
You headbutt the worker ant!
You kill the worker ant!
The adder completely misses you.
You hit the adder.
The adder is heavily wounded.
* * * LOW HITPOINT WARNING * * *
You feel sick. The adder bites you but does no damage.
You miss the adder. Your headbutt misses the adder.
The adder is heavily wounded.
* * * LOW HITPOINT WARNING * * *
You feel sick.
The adder bites you but does no damage. x2
Your chain mail prevents you from hitting the adder.
The adder is heavily wounded.
* * * LOW HITPOINT WARNING * * *
You feel sick. The adder barely misses you.
Unknown command.
You hit the adder but do no damage.
The adder is heavily wounded.
You die...

# ##+## #.##...## .
+###.#.....## ..
_###........##
###.###
#.....†...##......#
#....S@...'........
##.........##.#.....
............## .#
.)# #.#
###........## .# .
#.# #####...## s#
#.# #########'#####
.# #.#
#.............# ..
#.# #.######..###.#
## #.# #.# #..###.##


You could see an adder.

Vanquished Creatures
  Terence (D:1)
  A worker ant (D:4)
  An adder (D:2)
  A dart slug (D:1)
  A giant cockroach (D:4)
  4 goblins
  4 hobgoblins (D:1)
  15 jackals
  5 kobolds (D:1)
  2 quokkas
  A ball python (D:1)
  4 bats (D:1)
  A frilled lizard (D:1)
  5 rats
46 creatures vanquished.

Notes
Turn   | Place    | Note
-------+----------+-------------------------------------------
     0 | D:1      | Lightli the Minotaur Warper began the quest for the Orb.
     0 | D:1      | Reached XP level 1. HP: 18/18 MP: 1/1
   248 | D:1      | Reached XP level 2. HP: 23/25 MP: 3/3
   256 | D:1      | Learned a level 2 spell: Blink
   603 | D:1      | Reached XP level 3. HP: 30/31 MP: 4/4
  1155 | D:2      | Noticed Terence
  1300 | D:1      | HP: 1/46 [Terence/+0 flail (11)]
  1301 | D:1      | Killed Terence
  1665 | D:2      | Reached XP level 4. HP: 39/39 MP: 5/5
  1813 | D:2      | Noticed Sigmund
  1818 | D:2      | You fall through a shaft for 2 floors!
  1874 | D:4      | Found an ancient bone altar of Kikubaaqudgha.
  1893 | D:4      | HP: 2/40 [poisoned by an adder]
  1896 | D:4      | Succumbed to an adder's poison

Vault maps used:
D:1:      dpeg_arrival_more_subterranean_lakeside_camping
D:2:      tgw_xom, uniq_terence, uniq_sigmund
D:4:      nemelex_xobeh_ov_fountains_minmay, lemuel_doored_altar, first_ration,
          minmay_misc_feat_diagonals

Skill      XL: |  1  2  3  4 |
---------------+-------------+-----
Armour         | 2 3 |  3.3
Fighting       | 3 |  3.9
Axes           | 3 |  3.9
Throwing       | |  1.0
Dodging        | |  2.1
Spellcasting   | |  1.3
Translocations | |  2.1

Action                   |  1- 3 |  4- 6 || total
-------------------------+-------+-------++-------
Melee: Hand axe          |    91 |    45 ||   136
       Headbutt          |    11 |     4 ||    15
 Cast: Blink             |     1 |       ||     1
Evoke: Wand              |       |     2 ||     2
  Use: Potion            |     1 |     1 ||     2
  Eat: Chunk             |     2 |     1 ||     3
Armor: Leather armour    |    23 |       ||    23
       Chain mail        |     1 |    54 ||    55
Dodge: Dodged            |    82 |    24 ||   106

Table legend:
 A = Non-vault XP
 B = Vault XP
 C = Vault XP percentage of total XP
 D = Non-vault monster count
 E = Vault monster count
 F = Vault count percentage of total count
                 A         B        C        D         E       F
            +---------+---------+-------+---------+---------+-------
      Total |     121 |      36 |  22.9 |      45 |       1 |   2.2
            +---------+---------+-------+---------+---------+-------
        D:1 |      60 |      36 |  37.5 |      35 |       1 |   2.8
        D:2 |      24 |       0 |   0.0 |       7 |       0 |   0.0
        D:4 |      37 |       0 |   0.0 |       3 |       0 |   0.0
            +---------+---------+-------+---------+---------+-------
